 Dungeon Crawl Stone Soup version 0.14.1-18-g0856e53 (webtiles) character file.

117 Kae the Firebug (level 2, -3/15 HPs)
             Began as a Tengu Fire Elementalist on June 3, 2014.
             Slain by a worm (7 damage)
             ... on Level 3 of the Dungeon.
             The game lasted 00:03:05 (1811 turns).

Kae the Firebug (Tengu Fire Elementalist)           Turns: 1811, Time: 00:03:06

HP  -3/15        AC  2     Str  8      XL: 2   Next: 79%
MP   1/5         EV 12     Int 15      God:
Gold 97          SH  0     Dex 14      Spells:  1 memorised,  4 levels left

rFire  . . .     SeeInvis .     (no weapon)
rCold  . . .     Clarity  .     a - +0 robe
rNeg   . . .     Conserve .     (no shield)
rPois  .         rCorr    .     (helmet restricted)
rElec  .         rRot     .     (no cloak)
SustAb . .       Spirit   .     (no gloves)
rMut   .         Warding  .     (boots unavailable)
Saprov . . .     Stasis   .     (no amulet)
MR     .....                    (no ring)
                                (no ring)

@: very slightly contaminated, not resistant to hostile enchantments, fairly
stealthy
A: beak, talons 3
a: no special abilities


You were on level 3 of the Dungeon.
You were near starving.

You visited 1 branch of the dungeon, and saw 3 of its levels.

You collected 97 gold pieces.

Inventory:

Armour
 a - a +0 robe (worn)
Comestibles
 c - 3 bread rations
 f - 2 meat rations
 r - an apple
Scrolls
 e - a scroll of enchant weapon I {unknown}
 i - a scroll of fog {unknown}
 k - 2 scrolls of remove curse {unknown}
 l - 2 scrolls of random uselessness {unknown}
 n - 2 scrolls of blinking {unknown}
 o - 2 scrolls of recharging {unknown}
 q - a scroll of amnesia {unknown}
Jewellery
 d - an uncursed ring of flight {unknown}
 h - an uncursed ring of sustain abilities {unknown}
Potions
 g - 2 potions of curing {unknown}
 j - a potion of cure mutation {unknown}
 m - 4 potions of heal wounds {unknown}
 p - a potion of might {unknown}
Books
 b - a book of Flames

   Spells                             Type                      Level
   *Flame Tongue                      Conjuration/Fire             1
   Throw Flame                        Conjuration/Fire             2
   Conjure Flame                      Conjuration/Fire             3
   Inner Flame                        Hexes/Fire                   3
   Sticky Flame                       Conjuration/Fire             4
   Fireball                           Conjuration/Fire             5


   Skills:
 - Level 2.1 Dodging
 - Level 2.0 Stealth
 + Level 0.4 Unarmed Combat
 + Level 2.2 Spellcasting
 * Level 1.7 Conjurations
 * Level 4.0 Fire Magic


You had 4 spell levels left.
You knew the following spells:

 Your Spells              Type           Power        Failure   Level  Hunger
a - Flame Tongue          Conj/Fire      ##...        10%         1    #......


Dungeon Overview and Level Annotations

Branches:
Dungeon (3/15)

Altars:
Fedhas
Nemelex Xobeh
Okawaru
Zin


Innate Abilities, Weirdness & Mutations

You have a beak for a mouth.
You have claws for feet.


Message History

Aim: a worm The flame tongue hits the worm.
The worm is lightly wounded.
The worm bites you but does no damage.
Casting: Flame Tongue
Confirm with . or Enter, or press ? or * to list all spells.
Aiming: Flame Tongue
Press: ? - help, Shift-Dir - straight line, f/p - worm
Aim: a worm (lightly wounded)
The flame tongue hits the worm.
The worm is moderately wounded.
Casting: Flame Tongue
Confirm with . or Enter, or press ? or * to list all spells.
Aiming: Flame Tongue
Press: ? - help, Shift-Dir - straight line, f/p - worm
Aim: a worm (moderately wounded)
The flame tongue hits the worm.
The worm is heavily wounded.
The worm bites you!
You die...

#.# #######.##
........>..
##.####.######
#.# #.........
#.###..##########
#...............#
######.########.#
...# #@# .....#
#w# #......# #.#
....... ..#
......# ###
.....# ..#


You could see a worm.

Vanquished Creatures
  2 giant cockroaches (D:2)
  5 goblins
  4 kobolds
  4 bats
  A giant gecko (D:2)
  A giant newt (D:3)
  4 rats
21 creatures vanquished.

Notes
Turn   | Place    | Note
--------------------------------------------------------------
     0 | D:1      | Kae, the Tengu Fire Elementalist, began the quest for the Orb.
     0 | D:1      | Reached XP level 1. HP: 10/10 MP: 3/3
   319 | D:1      | Found an iron altar of Okawaru.
   325 | D:1      | Reached XP level 2. HP: 1/15 MP: 0/5
  1098 | D:2      | Found a blossoming altar of Fedhas.
  1098 | D:2      | Found a sparkling altar of Nemelex Xobeh.
  1240 | D:2      | Found a glowing silver altar of Zin.
  1788 | D:3      | Reached skill level 4 in Fire Magic
  1811 | D:3      | Slain by a worm

Action                   || total
-------------------------++-------
Melee: Unarmed           ||    42
 Cast: Flame Tongue      ||    14
 Stab: Sleeping          ||     3
